 Dungeon Crawl Stone Soup version 0.28-a0-983-g1de4e0787c (webtiles) character file.

Game seed: 7802328045256326940

2555 siradein the Fiendish (level 9, -9/71 HPs)
             Began as a Demonspawn Fighter on Dec 3, 2021.
             Was a Priest of Makhleb.
             Mangled by a two-headed ogre (14 damage)
             ... on level 8 of the Dungeon.
             The game lasted 00:19:18 (7371 turns).

siradein the Fiendish (Demonspawn Fighter)          Turns: 7371, Time: 00:19:19

Health: -9/71      AC: 13    Str: 21    XL:     9   Next: 31%
Magic:  14/14      EV:  9    Int: 12    God:    Makhleb [***...]
Gold:   345        SH: 13    Dex: 19    Spells: 6/8 levels left

rFire   . . .      SeeInvis .   B - +0 scimitar
rCold   . . .      Faith    +   G - +2 kite shield
rNeg    . . .      Spirit   .   E - +3 leather armour of the Gusle {Fly Int-4 Dex+7}
rPois   +          Reflect  .   (no helmet)
rElec   .          Harm     .   s - +0 cloak
rCorr   +          Rampage  .   (no gloves)
Will    .....                   u - +0 pair of boots
Stlth   +.........              j - amulet of faith
HPRegen 0.21/turn               l - ring of resist corrosion
MPRegen 0.14/turn               g - +6 ring of intelligence

@: mighty, flying
A: slimy green scales 3, powered by pain 1, demonic magic 2
a: Renounce Religion, Minor Destruction, Lesser Servant of Makhleb


You were on level 8 of the Dungeon.
You worshipped Makhleb.
Makhleb was most pleased with you.
You visited 1 branch of the dungeon, and saw 8 of its levels.

You collected 345 gold pieces.

Inventory:

Hand Weapons
 B - a +0 scimitar (weapon)
Missiles
 f - 37 poisoned darts
Armour
 s - a +0 cloak (worn)
 u - a +0 pair of boots (worn)
 x - a +0 tower shield
 E - the +3 leather armour of the Gusle (worn) {Fly Int-4 Dex+7}
   (You found it on level 4 of the Dungeon)

   Int:       It affects your intelligence (-4).
   Dex:       It affects your dexterity (+7).
   Fly:       It grants you flight.
 G - a +2 kite shield (worn)
Jewellery
 b - a ring of willpower
 g - a +6 ring of intelligence (right hand)
 h - a ring of flight
 j - an amulet of faith (around neck)
 l - a ring of resist corrosion (left hand)
 F - a ring of positive energy
Wands
 A - a wand of iceblast (14)
 C - a wand of flame (13)
Scrolls
 a - 3 scrolls of blinking {unknown}
 e - 3 scrolls of immolation
 p - 3 scrolls of fear
 q - 2 scrolls of enchant armour
 r - a scroll of amnesia {unknown}
 w - 3 scrolls of fog
 y - a scroll of holy word {unknown}
 z - a scroll of torment {unknown}
Potions
 c - a potion of invisibility {unknown}
 d - 2 potions of might
 i - a potion of cancellation {unknown}
 k - a potion of flight {unknown}
 m - a potion of magic {unknown}
 n - 2 potions of attraction {unknown}
 o - 2 potions of lignification {unknown}
 t - a potion of haste {unknown}
 v - a potion of heal wounds {unknown}
 D - a potion of resistance {unknown}


   Skills:
 + Level 6.5 Fighting
 + Level 5.4 Long Blades
 + Level 5.8 Armour
 + Level 5.8 Shields
 + Level 1.1 Transmutations
 + Level 6.8 Invocations


You had 6 spell levels left.
You knew the following spells:

 Your Spells              Type           Power      Damage    Failure   Level
a - Wereblood             Tmut           2%         N/A       77%         2

Your spell library contained the following spells:

 Spells                   Type           Power      Damage    Failure   Level
 Beastly Appendage        Tmut           4%         N/A       63%         1
 Foxfire                  Conj/Fire      0%         2x1d4     77%         1
 Magic Dart               Conj           0%         1d3       77%         1
 Pain                     Necr           0%         1d4       77%         1
 Sandblast                Erth           0%         2d4       77%         1
 Passwall                 Tmut/Erth      0%         N/A       83%         2
 Spider Form              Tmut/Pois      1%         N/A       97%         3
 Stone Arrow              Conj/Erth      0%         3d7       98%         3
 Summon Guardian Golem    Hex/Summ       0%         N/A       98%         3
 Orb of Destruction       Conj           0%         N/A       100%        7
 Spellforged Servitor     Conj/Summ      0%         N/A       100%        7


Dungeon Overview and Level Annotations

Branches:
Dungeon (8/15)             Temple (0/1) D:6
   Lair: D:8-11

Altars:
Makhleb
The Shining One

Shops:
D:5 (


Innate Abilities, Weirdness & Mutations

You are completely covered in slimy green scales. (AC +4, rPois)
You sometimes gain a little power by taking damage.
Spells you cast may paralyse nearby enemies.


Message History

Abil: Minor Destruction
Press: ? - help, Q - select action, (/) - cycle Shift-Dir - straight line, f/p - two-headed ogre
Aim: a two-headed ogre, wielding two +0 giant clubs (lightly wounded)
The glob of acid hits the two-headed ogre!
The acid corrodes the two-headed ogre!
The two-headed ogre is moderately wounded.
Abil: Minor Destruction
Press: ? - help, Q - select action, (/) - cycle Shift-Dir - straight line, f/p - two-headed ogre
Aim: a two-headed ogre, wielding two +0 giant clubs (moderately wounded, covered in acid)
The two-headed ogre resists with some effort.
Unknown command.
You hit the two-headed ogre.
The two-headed ogre is moderately wounded.
You block the two-headed ogre's attack. x2
You slash the two-headed ogre!
The two-headed ogre is heavily wounded.
The two-headed ogre hits you with a +0 giant club!!
You block the two-headed ogre's attack.
You hit the two-headed ogre.
The two-headed ogre is heavily wounded.
You block the two-headed ogre's attack.
The two-headed ogre hits you with a +0 giant club!!
You focus on the pain.
You feel very mighty all of a sudden.
You closely miss the two-headed ogre.
The two-headed ogre is heavily wounded.
The two-headed ogre is no longer covered in acid.
You block the two-headed ogre's attack. x2
You slash the two-headed ogre!
The two-headed ogre is almost dead.
The two-headed ogre hits you with a +0 giant club!!
* * * LOW HITPOINT WARNING * * *
You block the two-headed ogre's attack.
Abil: Minor Destruction
Press: ? - help, Q - select action, (/) - cycle Shift-Dir - straight line, f/p - two-headed ogre
Aim: a two-headed ogre, wielding two +0 giant clubs (almost dead)
The puff of flame hits the two-headed ogre!
The two-headed ogre is almost dead.
The two-headed ogre hits you with a +0 giant club!
You die...

###
#####################.##
#...............@O.....#
#.###################.##
#.###### #.# #.(....#
#.# #..###.# #.#
#....#.# ###########.#
##.#.#.# #.........#.#
#.....# #<#######.#.#
###.### #.# #.#


You could see a two-headed ogre.

Vanquished Creatures
  Prince Ribbit (D:6)
  A vampire (D:7)
  A water moccasin (D:6)
  An orc warrior (D:5)
  Duvessa (D:5)
  4 ice beasts
  A black bear (D:5)
  An ogre (D:4)
  A centaur (D:5)
  A phantom (D:3)
  A kobold brigand (D:5)
  Blork the orc (D:4)
  A bullfrog (D:6)
  A wyvern skeleton (D:6)
  A water moccasin skeleton (D:7)
  Dowan (D:5)
  A howler monkey (D:6)
  3 wights (D:7)
  3 hounds
  A quasit (D:7)
  A bullfrog zombie (D:6)
  A centaur zombie (D:7)
  An orc priest (D:7)
  A bullfrog skeleton (D:4)
  2 jellies (D:5)
  2 centaur skeletons
  An iguana (D:4)
  2 orc wizards
  A hound zombie (D:5)
  A howler monkey skeleton (D:6)
  A howler monkey zombie (D:5)
  12 adders
  A white imp (D:6)
  An adder skeleton (D:5)
  6 worms
  18 orcs
  10 ball pythons
  5 endoplasms
  3 giant cockroaches
  3 goblins
  4 hobgoblins
  4 jackals (D:2)
  14 kobolds
  4 quokkas
  3 bats (D:1)
  4 frilled lizards
  A goblin skeleton (D:7)
  5 hobgoblin zombies (D:7)
  2 kobold skeletons (D:7)
  A kobold zombie (D:7)
  2 orc zombies (D:7)
  A quokka skeleton (D:3)
  6 rats
151 creatures vanquished.

Vanquished Creatures (others)
  An orc priest (D:4)
  6 plants (D:8)
7 creatures vanquished.

Grand Total: 158 creatures vanquished

Notes
Turn   | Place    | Note
-------+----------+-------------------------------------------
     0 | D:1      | siradein the Demonspawn Fighter began the quest for the
                  | Orb.
     0 | D:1      | Reached XP level 1. HP: 18/18 MP: 1/1
   101 | D:1      | Gained mutation: You are partially covered in slimy green
                  | scales. (AC +2) [demonic ancestry]
   101 | D:1      | Reached XP level 2. HP: 10/24 MP: 2/2
  1050 | D:2      | Gained mutation: Spells you cast may paralyse adjacent
                  | enemies. [demonic ancestry]
  1050 | D:2      | Reached XP level 3. HP: 13/29 MP: 3/3
  1631 | D:2      | Found a faded altar of an unknown god.
  1695 | D:2      | Found a burning altar of Makhleb.
  1705 | D:2      | Became a worshipper of Makhleb the Destroyer
  1716 | D:2      | Reached XP level 4. HP: 33/35 MP: 4/4
  2292 | D:3      | Reached skill level 1 in Invocations
  2666 | D:3      | Reached * piety under Makhleb
  2842 | D:4      | Gained mutation: You are mostly covered in slimy green
                  | scales. (AC +3) [demonic ancestry]
  2842 | D:4      | Reached XP level 5. HP: 42/42 MP: 4/6
  2913 | D:4      | Noticed Blork the orc
  2919 | D:4      | Noticed a phantom
  2927 | D:4      | Killed Blork the orc
  2970 | D:3      | Killed a phantom
  2971 | D:3      | Gained mutation: You are completely covered in slimy green
                  | scales. (AC +4, rPois) [demonic ancestry]
  2971 | D:3      | Reached XP level 6. HP: 17/48 MP: 7/7
  3183 | D:4      | Identified the +1 scale mail of Coad Qil {Dex+3}
  3441 | D:4      | Identified the +3 leather armour of the Gusle {Fly Int-4
                  | Dex+7}
  3689 | D:4      | Got An Introduction to Hermeneutics
  3759 | D:4      | Reached XP level 7. HP: 55/55 MP: 9/9
  4104 | D:5      | Entered Level 5 of the Dungeon
  4108 | D:5      | Noticed Dowan
  4110 | D:5      | Noticed Duvessa
  4206 | D:5      | Killed Duvessa
  4317 | D:5      | Killed Dowan
  4416 | D:5      | Identified a scroll of acquirement
  4427 | D:5      | Found Asuarao's Weapon Shop.
  4662 | D:5      | Reached skill level 5 in Fighting
  4946 | D:5      | Gained mutation: Spells you cast may paralyse nearby
                  | enemies. [demonic ancestry]
  4946 | D:5      | Reached XP level 8. HP: 47/62 MP: 11/11
  5088 | D:6      | HP: 1/62 [ogre (13)]
  5471 | D:6      | Reached ** piety under Makhleb
  5524 | D:6      | Reached skill level 5 in Armour
  5524 | D:6      | Reached skill level 5 in Invocations
  5542 | D:6      | Reached skill level 5 in Shields
  5557 | D:6      | Found a staircase to the Ecumenical Temple.
  6422 | D:6      | Reached skill level 5 in Long Blades
  6606 | D:6      | Noticed Prince Ribbit
  6622 | D:6      | Killed Prince Ribbit
  6623 | D:6      | Gained mutation: You sometimes gain a little power by
                  | taking damage. [demonic ancestry]
  6623 | D:6      | Reached XP level 9. HP: 60/69 MP: 13/13
  6702 | D:7      | Acquired a +1 plate armour of willpower
  6954 | D:7      | Learned a level 2 spell: Wereblood
  7029 | D:7      | Reached *** piety under Makhleb
  7301 | D:8      | Reached skill level 1 in Transmutations
  7354 | D:8      | Noticed a two-headed ogre
  7371 | D:8      | Mangled by a two-headed ogre

Illustrated notes

Levels and vault maps discovered:
D:1:      kennysheep_arrival_seaside, layout_rooms
D:2:      layout_rooms, basic_altar, chequers_ecumenical_altar_island
D:3:      wad_pebble_path, layout_rooms
D:4:      layout_loops_cross, minmay_misc_feat_ornament, uniq_blork_the_orc
D:5:      layout_rooms, serial_shops, nicolae_shop_crystal, uniq_duvessa
D:6:      layout_gridville, minmay_temple_entry_steel_oval, uniq_prince_ribbit1
D:7:      layout_rooms, nicolae_tso_besieged_by_evil
D:8:      layout_loops_ring, tgw_xom, hellmonk_guarded_unrand_vines

Skill      XL: |  1  2  3  4  5  6  7  8  9 |
---------------+----------------------------+-----
Long Blades    | 2 3 4 5 |  5.4
Shields        | 3 4 5 |  5.8
Armour         | 3 4 5 |  5.8
Invocations    | 1 2 3 4 6 |  6.8
Fighting       | 4 5 6 |  6.5
Transmutations | 1 |  1.1

Action                   |  1- 3 |  4- 6 |  7- 9 || total
-------------------------+-------+-------+-------++-------
Melee: Long sword        |   167 |   169 |   188 ||   524
       Scimitar          |       |       |   113 ||   113
Throw: Dart              |       |     7 |    23 ||    30
Invok: Minor Destruction |       |       |     7 ||     7
  Use: Scroll            |       |       |     8 ||     8
 Stab: Sleeping          |       |     1 |     4 ||     5
Armor: Scale mail        |    41 |     4 |       ||    45
       Chain mail        |    62 |    75 |       ||   137
       Leather armour    |       |    11 |   163 ||   174
       Plate armour      |       |       |    26 ||    26
Dodge: Dodged            |    86 |    65 |    96 ||   247
Block: Buckler           |    47 |    29 |     4 ||    80
       Kite shield       |       |       |   214 ||   214

Table legend: (Time is in decaauts)
 A = Elapsed time spent in this place.
 B = Non-inter-level travel time spent in this place.
 C = Inter-level travel time spent in this place.
 D = Time resting spent in this place.
 E = Time spent auto-exploring this place.
 F = Levels seen in this place.
 G = Mean time per level.
                   A        B        C        D        E       F      G
               +--------+--------+--------+--------+--------+-----+--------+
         Total |   7590 |   7413 |    177 |   1012 |   4580 |   8 |  948.8 |
       Dungeon |   7590 |   7413 |    177 |   1012 |   4580 |   8 |  948.8 |
               +--------+--------+--------+--------+--------+-----+--------+

Top non-repeatable levels by time:
     D:5: 1404 daAuts
     D:4: 1222 daAuts
     D:3: 1150 daAuts
     D:6: 1125 daAuts
     D:1: 1029 daAuts
     D:2: 963 daAuts
     D:7: 611 daAuts
     D:8: 84 daAuts
